 Dungeon Crawl Stone Soup version 0.21.1-1-g345015f (webtiles) character file.

91 Goblin1989 the Insei (level 4, 0/33 HPs)
             Began as a Demonspawn Transmuter on Mar 5, 2018.
             Succumbed to a worker ant's poison
             ... on level 2 of the Dungeon.
             The game lasted 00:07:56 (2432 turns).

Goblin1989 the Insei (Demonspawn Transmuter)        Turns: 2432, Time: 00:07:57

Health: 0/33       AC:  2    Str: 10    XL:     4   Next: 34%
Magic:  4/7        EV: 18    Int: 20    God:
Gold:   21         SH:  0    Dex: 19    Spells: 4/7 levels left

rFire    . . .     SeeInvis .     - Unarmed
rCold    . . .     Gourm    .   (no shield)
rNeg     . . .     Faith    .   b - +0 robe
rPois    .         Spirit   +   (no helmet)
rElec    .         Reflect  .   (no cloak)
rCorr    .         Harm     .   (no gloves)
MR       .....                  (no boots)
Stlth    +++.......             (no amulet)
HPRegen  0.11/turn              (no ring)
MPRegen  0.10/turn              (no ring)

@: brilliant, agile, lethally poisoned (0 -> -9), very slightly contaminated,
invisible
A: spiny 1, magic shield
a: no special abilities


You were on level 2 of the Dungeon.
You were not hungry.

You visited 1 branch of the dungeon, and saw 2 of its levels.

You collected 21 gold pieces.

Inventory:

Missiles
 a - 27 arrows
 f - 73 stones (quivered)
 i - 14 bolts
Armour
 b - a +0 robe (worn)
 j - a +0 ring mail
Scrolls
 l - 2 scrolls of teleportation {unknown}
 p - 2 scrolls of identify {unknown}
Books
 c - a book of Changes

   Spells                             Type                      Level
   a - Beastly Appendage              Transmutation                1
   b - Sticks to Snakes               Transmutation                2
   c - Spider Form                    Transmutation/Poison         3
   d - Ice Form                       Ice/Transmutation            4
   e - Blade Hands                    Transmutation                5
Comestibles
 e - 4 rations
 q - a chunk of flesh


   Skills:
 + Level 1.9 Fighting
 + Level 2.3 Dodging
 * Level 3.5 Unarmed Combat
 + Level 2.4 Spellcasting
 + Level 2.2 Transmutations


You had 4 spell levels left.
You knew the following spells:

 Your Spells              Type           Power        Failure   Level  Hunger
a - Beastly Appendage     Tmut           ###...       1%          1    #......
b - Sticks to Snakes      Tmut           ###.....     1%          2    ##.....


Dungeon Overview and Level Annotations

Branches:
Dungeon (2/15)

Altars:


Innate Abilities, Weirdness & Mutations

You are partially covered in sharp spines.
When hurt, damage is shared between your health and your magic reserves.


Message History

You hit the worker ant but do no damage.
You feel sick.
The worker ant is struck by your spines.
The worker ant bites you.
You take 4 damage, and have 18/33 hp.
You are too injured to fight recklessly!
You are too injured to fight recklessly!
You are too injured to fight recklessly!
You are too injured to fight recklessly!
You are too injured to fight recklessly!
You are too injured to fight recklessly!
You are too injured to fight recklessly!
You are too injured to fight recklessly!
You are too injured to fight recklessly!
You are too injured to fight recklessly!
You are too injured to fight recklessly!
You are too injured to fight recklessly!
You are too injured to fight recklessly!
You are too injured to fight recklessly!
You are too injured to fight recklessly!
You are too injured to fight recklessly!
A worker ant is nearby!
You feel sick.
You take 1 damage, and have 17/33 hp.
You feel sick.
You take 1 damage, and have 16/33 hp.
Casting: Sticks to Snakes
Confirm with . or Enter, or press ? or * to list all spells.
You create a snake!
You now have 27 arrows.
You feel sick. The worker ant bites you.
* * * LOW HITPOINT WARNING * * *
The worker ant is struck by your spines.
The worker ant bites you but does no damage.
You take 4 damage, and have 12/33 hp.
You now have 2/7 mp.
You feel sick.
You take 1 damage, and have 11/33 hp.
You feel sick.
Your ball python bites the worker ant.
Your ball python barely misses the worker ant.
You take 1 damage, and have 10/33 hp.
You hit the worker ant.
The worker ant is heavily wounded.
The worker ant waves its antennae.
The worker ant is struck by your spines.
The worker ant bites you.
* * * LOW HITPOINT WARNING * * *
You are lethally poisoned!
The worker ant poisons you!
Your ball python bites the worker ant but does no damage.
Your ball python closely misses the worker ant.
You take 2 damage, and have 8/33 hp.
Unknown command.
* * * LOW HITPOINT WARNING * * *
You feel sick. The worker ant misses your ball python.
Your ball python barely misses the worker ant. x2
You take 1 damage, and have 7/33 hp.
Unknown command.
* * * LOW HITPOINT WARNING * * *
You feel sick.
The worker ant closely misses your ball python.
Your ball python closely misses the worker ant.
Your ball python grabs the worker ant.
Your ball python constricts the worker ant.
The worker ant barely misses your ball python.
You take 1 damage, and have 6/33 hp.
It was a potion of invisibility.
You fade into invisibility!
* * * LOW HITPOINT WARNING * * *
You feel sick.
Your ball python bites the worker ant but does no damage.
Your ball python constricts the worker ant.
The worker ant bites your ball python.
Your ball python dies!
You are very lightly contaminated with residual magic.
You take 1 damage, and have 5/33 hp.
It was a potion of brilliance.
You feel clever all of a sudden.
* * * LOW HITPOINT WARNING * * *
You feel sick.
You take 1 damage, and have 4/33 hp.
It was a potion of agility.
You feel agile all of a sudden.
* * * LOW HITPOINT WARNING * * *
You feel sick.
You take 1 damage, and have 3/33 hp.
* * * LOW HITPOINT WARNING * * *
You feel sick.
You take 1 damage, and have 2/33 hp.
Unknown command.
The worker ant twitches its antennae in your direction.
You hit the worker ant but do no damage.
The worker ant is severely wounded.
* * * LOW HITPOINT WARNING * * *
You feel sick. The worker ant misses you.
You take 1 damage, and have 1/33 hp.
Unknown command.
Unknown command.
You strike the helpless worker ant from behind!
You hit the worker ant.
The worker ant is almost dead.
You die... ≈≈≈ ≈♣.....██ P≈P

≈P≈.....█ P≈≈ █.██
≈P≈ █..█ P≈≈ ██.█
≈≈ ≈P █.█ ≈≈P≈≈
█.██ ≈≈P≈≈♣♣♣a.█
♣≈≈.≈≈≈≈P≈≈♣♣@█
♣≈≈.≈≈≈≈≈≈≈♣♣.█
♣♣≈≈.≈≈≈≈≈≈≈≈≈.█
♣♣♣≈≈≈.≈≈≈≈≈≈≈♣..█
≈≈P≈≈≈.≈≈≈≈≈≈≈..██
≈≈P≈≈≈.≈P≈≈≈♣..██
≈≈≈≈≈≈.≈P≈≈≈..██
........≈≈♣..██
≈≈≈P≈♣..♣≈..██


You could see a worker ant.

Vanquished Creatures
  2 gnolls (D:2)
  An adder (D:2)
  2 dart slugs
  A giant cockroach (D:2)
  4 goblins
  6 hobgoblins
  3 jackals (D:1)
  2 kobolds (D:1)
  A quokka (D:2)
  A ball python (D:2)
  4 bats (D:1)
  8 frilled lizards
  6 rats
41 creatures vanquished.

Vanquished Creatures (collateral kills)
  2 gnolls (D:2)
  An adder (D:2)
3 creatures vanquished.

Grand Total: 44 creatures vanquished

Notes
Turn   | Place    | Note
-------+----------+-------------------------------------------
     0 | D:1      | Goblin1989 the Demonspawn Transmuter began the quest for the Orb.
     0 | D:1      | Reached XP level 1. HP: 15/15 MP: 3/3
   166 | D:1      | Gained mutation: When hurt, damage is shared between your health and your magic reserves. [demonic ancestry]
   166 | D:1      | Reached XP level 2. HP: 17/21 MP: 5/5
   421 | D:1      | Reached skill level 3 in Unarmed Combat
   873 | D:1      | Learned a level 2 spell: Sticks to Snakes
  1087 | D:2      | Reached XP level 3. HP: 12/26 MP: 1/6
  1375 | D:2      | HP: 1/26 [poisoned by an adder]
  1388 | D:2      | HP: 1/27 [hobgoblin/club (3)]
  1874 | D:2      | Gained mutation: You are partially covered in sharp spines. [demonic ancestry]
  1874 | D:2      | Reached XP level 4. HP: 18/33 MP: 3/7
  2431 | D:2      | HP: 1/33 [poisoned by a worker ant]
  2432 | D:2      | Succumbed to a worker ant's poison

Skill      XL: |  1  2 |
---------------+-------+-----
Dodging        | 2 |  2.3
Unarmed Combat | 3 |  3.5
Transmutations | 2 |  2.2
Fighting       | |  1.9
Spellcasting   | |  2.4

Action                   |  1- 3 |  4- 6 || total
-------------------------+-------+-------++-------
Melee: Unarmed           |   130 |    22 ||   152
       Kick              |     4 |       ||     4
       Headbutt          |     4 |       ||     4
       Punch             |     1 |       ||     1
 Cast: Beastly Appendage |     7 |       ||     7
       Sticks to Snakes  |     3 |     2 ||     5
  Use: Potion            |     1 |     3 ||     4
 Stab: Invisible         |       |     1 ||     1
       Sleeping          |       |     1 ||     1
  Eat: Chunk             |     3 |     2 ||     5
Armor: Robe              |    22 |     1 ||    23
Dodge: Dodged            |    94 |    10 ||   104

Vault maps used:
D:1:      onia_arrival_mini_spirals, minmay_lizard_pond
D:2:      serial_bayou, serial_bayou_lagoon_a, serial_bayou_shore_a,
          serial_bayou_lake_a, serial_bayou_shore_b, serial_bayou_pond_d,
          serial_bayou_lagoon_b, minmay_goblin_outpost
